 Dungeon Crawl Stone Soup version 0.29.1-12-g30fa7ad0bf (webtiles) character file.

Game seed: 8900491545363437614

81 Descartes the Shield-Bearer (level 4, -3/35 HPs)
             Began as a Formicid Fighter on Dec 12, 2022.
             Slain by a gnoll
             ... wielding a +2 vampiric spear
              (4 damage)
             ... on level 2 of the Dungeon.
             The game lasted 00:02:16 (1717 turns).

Descartes the Shield-Bearer (Formicid Fighter)      Turns: 1717, Time: 00:02:17

Health: -3/35      AC:  7    Str: 21    XL:     4   Next: 68%
Magic:  4/4        EV:  9    Int:  9    God:
Gold:   142        SH:  5    Dex: 13    Spells: 3/3 levels left

rFire   . . .      SeeInvis +   a - +0 war axe
rCold   . . .      Faith    .   c - +0 buckler
rNeg    . . .      Spirit   .   b - +0 scale mail
rPois   .          Reflect  .   (helmet unavailable)
rElec   .          Harm     .   (no cloak)
rCorr   .          Rampage  .   (no gloves)
Will    +....                   (no boots)
Stlth   ..........              (no amulet)
HPRegen 0.11/turn               o - ring of willpower
MPRegen 0.09/turn               (no ring)

@: no status effects
A: permanent stasis, dig shafts and tunnels, antennae 3, four strong arms
a: Dig, Shaft Self


You were on level 2 of the Dungeon.
You visited 1 branch of the dungeon, and saw 2 of its levels.

You collected 142 gold pieces.

Inventory:

Hand Weapons
 a - a +0 war axe (weapon)
Missiles
 j - 5 atropa-tipped darts
Armour
 b - a +0 scale mail (worn)
 c - a +0 buckler (worn)
Jewellery
 o - a ring of willpower (left hand)
 p - a ring of fire
Scrolls
 g - a scroll of fear {unknown}
 i - a scroll of noise {unknown}
 k - 3 scrolls of identify {unknown}
 l - a scroll of magic mapping {unknown}
 n - a scroll of teleportation {unknown}
 q - a scroll of enchant weapon {unknown}
Potions
 d - a potion of might
 e - 2 potions of curing
 f - a potion of flight {unknown}
 h - a potion of haste {unknown}
 m - a potion of invisibility {unknown}


   Skills:
 - Level 3.2 Fighting
 + Level 3.0 Axes
 + Level 4.2 Armour
 + Level 5.1 Shields


You had 3 spell levels left.
You didn't know any spells.
Your spell library was empty.

Dungeon Overview and Level Annotations

Branches:
Dungeon (2/15)

Altars:


Innate Abilities, Weirdness & Mutations

You cannot be hasted, slowed, berserked, paralysed or teleported.
You can dig through walls and to a lower floor.
You have a pair of large antennae on your head. (SInv)
Your four strong arms can wield two-handed weapons with a shield.


Message History

The gnoll hits you with a +2 vampiric spear.
You closely miss the gnoll. The gnoll hits you but does no damage.
The gnoll closely misses you.
You completely miss the gnoll. You hit the gnoll.
The gnoll hits you with a +2 vampiric spear!
The gnoll closely misses you. The gnoll barely misses you.
You are too injured to fight recklessly!
You are too injured to fight recklessly!
You are too injured to fight recklessly!
You are too injured to fight recklessly!
You are too injured to fight recklessly!
You are too injured to fight recklessly!
You are too injured to fight recklessly!
You are too injured to fight recklessly!
You are too injured to fight recklessly!
You are too injured to fight recklessly!
You closely miss the gnoll.
The gnoll is moderately wounded.
You hit the gnoll. You block the gnoll's attack. x2
The gnoll hits you with a +0 flail!
* * * LOW HITPOINT WARNING * * *
The gnoll barely misses you. x3
Unknown command.
You slash the gnoll!
The gnoll is almost dead.
You barely miss the gnoll. You block the gnoll's attack.
The gnoll hits you with a +2 vampiric spear.
* * * LOW HITPOINT WARNING * * *
The gnoll draws strength from your wounds!
The gnoll drinks a potion.
The gnoll is healed!
You slash the gnoll!
You kill the gnoll!
You hit the gnoll. The gnoll hits you but does no damage.
The gnoll barely misses you.
Unknown command.
The gnoll attacks as you move away!
The gnoll hits you with a +2 vampiric spear.
* * * LOW HITPOINT WARNING * * *
The gnoll hits you from afar with a +2 vampiric spear.
You die...

.#.####.#.#.....# #.##
#.........# ###
###...>...# #####.### .#
##### .# ##~~~## #
#########~~P♣~##
#####.##.......♣♣P~~~~♣##
.....gg.@....~♣♣♣~P~~♣~♣.
#####.##)####♣~~~~~~~P~~#
#. #.# ♣♣~~~~P~P~♣♣ #.
..# ♣~~P♣~~~~~~~ # .#..
♣P~~~~~~~~~♣~ .####
#~♣♣~P~~~~~~♣♣ #. #♣
~~~~~≈~♣~~~ #
~P~≈≈≈≈≈~~~♣
~~♣~≈≈≈≈≈≈≈~♣


You could see 2 gnolls.

Vanquished Creatures
  A gnoll (D:2)
  2 adders (D:2)
  A dart slug (D:2)
  4 endoplasms
  2 giant cockroaches (D:2)
  8 goblins
  5 hobgoblins
  4 jackals (D:1)
  2 quokkas (D:1)
  5 ball pythons
  4 bats
  2 frilled lizards
  6 kobolds
  4 rats
50 creatures vanquished.

Vanquished Creatures (others)
  7 plants (D:2)
7 creatures vanquished.

Grand Total: 57 creatures vanquished

Notes
Turn   | Place    | Note
-------+----------+-------------------------------------------
     0 | D:1      | Descartes the Formicid Fighter began the quest for the Orb.
     0 | D:1      | Reached XP level 1. HP: 18/18 MP: 1/1
   143 | D:1      | Reached XP level 2. HP: 20/24 MP: 2/2
   658 | D:1      | Reached XP level 3. HP: 28/29 MP: 3/3
  1257 | D:2      | Reached XP level 4. HP: 31/35 MP: 4/4
  1390 | D:2      | Reached skill level 5 in Shields
  1717 | D:2      | HP: 1/35 [gnoll/+2 vampiric spear (4)]
  1717 | D:2      | Slain by a gnoll

Illustrated notes

Levels and vault maps discovered:
D:1:      shiori_angband_town, layout_loops_ring, minmay_split_cup_small
D:2:      layout_loops_corners, serial_bayou, serial_bayou_pond_e,
          serial_bayou_ford_a, serial_bayou_lake_a, serial_bayou_pond_d

Skill      XL: |  1  2  3  4 |
---------------+-------------+-----
Armour         | 4 |  4.2
Shields        | 5 |  5.1
Axes           | 3 |  3.0
Fighting       | |  3.2

Action                   |  1- 3 |  4- 6 || total
-------------------------+-------+-------++-------
Melee: War axe           |   104 |    41 ||   145
Armor: Scale mail        |    77 |    24 ||   101
Dodge: Dodged            |    66 |    20 ||    86
Block: Buckler           |    32 |    10 ||    42
